 Dungeon Crawl Stone Soup version 0.23.0-3-gf3c87f2 (webtiles) character file.

Game seed: 13187085086531870083

1653 JimmahDean the Slinger (level 9, 0/62 HPs)
             Began as a Halfling Hunter on Feb 24, 2019.
             Was a Believer of Okawaru.
             Slain by an orc priest
             ... wielding a +2 whip of distortion
              (21 damage)
             ... on level 6 of the Dungeon.
             The game lasted 00:36:45 (6578 turns).

JimmahDean the Slinger (Halfling Hunter)            Turns: 6578, Time: 00:36:45

Health: 0/62       AC:  7    Str: 15    XL:     9   Next: 19%
Magic:  19/19      EV: 13    Int: 13    God:    Okawaru [**....]
Gold:   357        SH:  0    Dex: 16    Spells: 8/8 levels left

rFire    . . .     SeeInvis .   a - +1 hunting sling
rCold    . . .     Gourm    .   (shield restricted)
rNeg     . . .     Faith    .   t - +0 ring mail
rPois    .         Spirit   .   (no helmet)
rElec    .         Reflect  .   i - +1 cloak
rCorr    .         Harm     .   (no gloves)
MR       .....                  (no boots)
Stlth    +.........             (no amulet)
HPRegen  0.20/turn              l - ring of magical power (curse)
MPRegen  0.16/turn              C - +4 ring of intelligence

@: no status effects
A: small, mutation resistance 1
a: Heroism, Renounce Religion


You were on level 6 of the Dungeon.
You worshipped Okawaru.
Okawaru was pleased with you.
You were not hungry.

You visited 2 branches of the dungeon, and saw 7 of its levels.
You also visited: Sewer.

You collected 357 gold pieces.

Inventory:

Hand Weapons
 a - a +1 hunting sling (weapon)
 b - a +0 short sword of holy wrath
Missiles
 d - 53 sling bullets
 e - 125 stones (quivered)
Armour
 c - a +0 leather armour
 i - a +1 cloak (worn)
 t - a +0 ring mail (worn)
Jewellery
 l - a cursed ring of magical power (left hand)
 C - a +4 ring of intelligence (right hand)
Scrolls
 g - 3 scrolls of remove curse {@r2}
 j - 2 scrolls of magic mapping
 k - a scroll of teleportation {@r4}
 o - 2 scrolls of immolation {unknown}
 p - a scroll of enchant armour {unknown}
 q - 2 scrolls of fog
 s - a scroll of enchant weapon {unknown}
 y - a scroll of fear {unknown}
 A - a scroll of blinking {unknown}
Potions
 h - a potion of ambrosia {unknown}
 m - 5 potions of curing {@q1}
 n - 2 potions of brilliance {unknown}
 u - a potion of lignification {unknown}
 v - a potion of haste {unknown}
 w - a potion of heal wounds {@q2}
 x - 2 potions of flight
 z - a potion of magic {unknown}
 B - 2 potions of invisibility {unknown}
Comestibles
 f - 13 rations {@e1}
 r - 11 chunks of flesh


   Skills:
 * Level 5.9 Fighting
 - Level 13.2 Slings
 - Level 2.1 Dodging
 - Level 1.1 Stealth
 + Level 2.3 Invocations


You had 8 spell levels left.
You didn't know any spells.
Your spell library contained the following spells:

 Spells                   Type           Power        Failure   Level  Hunger
 Magic Dart               Conj           #...         52%         1    ##.....
 Blink                    Tloc           N/A          67%         2    ###....
 Call Imp                 Summ           #.......     67%         2    ###....
 Slow                     Hex            #.......     67%         2    ###....
 Conjure Flame            Conj/Fire      #.......     88%         3    ####...
 Mephitic Cloud           Conj/Pois/Air  #.......     88%         3    ####...


Dungeon Overview and Level Annotations

Branches:
Dungeon (6/15)             Temple (1/1) D:4

Altars:
Ashenzari
Cheibriados
Dithmenos
Fedhas
Gozag
Hepliaklqana
Nemelex Xobeh
Okawaru
Qazlal
Ru
Sif Muna
Trog
Vehumet
Wu Jian
Yredelemnul
Zin
The Shining One

Shops:
D:4 [

Annotations:
D:3 2 transporters; NaSu Ghost; Runed Cloak; Easy., Strat's ghost, amateur NaSu


Innate Abilities, Weirdness & Mutations

You are small and have problems with some larger weapons.
You are somewhat resistant to further mutation.


Message History

The orc priest barely misses you.
Firing (i - inventory. (/) - cycle)
e - 128 stones (quivered)
Aim: an orc priest, wielding a +2 whip of distortion and wearing a +0 leather armour (heavily wounded)
You shoot a stone. The stone barely misses the orc priest.
Firing (i - inventory. (/) - cycle)
e - 127 stones (quivered)
Aim: an orc priest, wielding a +2 whip of distortion and wearing a +0 leather armour (heavily wounded)
You shoot a stone.
The stone hits the orc priest but does no damage.
The orc priest hits you with a +2 whip of distortion.
* * * LOW HITPOINT WARNING * * *
Space bends around you.
* * * LOW HITPOINT WARNING * * *
You take 6 damage, and have 21/62 hp.
Firing (i - inventory. (/) - cycle)
e - 126 stones (quivered)
Aim: an orc priest, wielding a +2 whip of distortion and wearing a +0 leather armour (heavily wounded)
You shoot a stone.
The stone hits the orc priest but does no damage.
The orc priest hits you but does no damage.
Space warps horribly around you!!
You die...

..#.........#....######
..............#..........
.......c......###..######
.......[..÷...')....o..#
..............####(###o#
.............## #(###.#
.......#####†# #o(##.#
.......# #.# ####(##(#
..... #.# #@o((((.# ....
#.# #....(..# #.#
#.......# #.# #.......#
#.# ######..# #.# #..#
#.# #..# ##.#########.#
#........# #>#


You could see an orc priest.

Vanquished Creatures
  A black bear (D:6)
  A sky beast (D:4)
  An ogre (D:5)
  2 centaurs
  3 big kobolds (Sewer)
  3 bullfrogs (D:6)
  A crimson imp (D:5)
  A bullfrog zombie (D:5)
  A centaur skeleton (D:6)
  4 orc priests
  2 hounds (D:5)
  A bullfrog skeleton (D:6)
  3 orc wizards
  3 worker ants
  A hound skeleton (D:5)
  A worker ant zombie (D:5)
  A mummy (D:5)
  3 gnolls (D:5)
  11 adders
  3 river rats (Sewer)
  7 oozes
  2 worms
  An adder zombie (D:6)
  A dart slug (D:1)
  3 leopard geckos
  26 orcs
  6 giant cockroaches
  9 goblins
  6 hobgoblins
  11 jackals
  7 kobolds
  2 quokkas (D:4)
  3 ball pythons
  6 bats
  3 frilled lizards
  A quokka skeleton (D:4)
  12 rats
153 creatures vanquished.

Notes
Turn   | Place    | Note
-------+----------+-------------------------------------------
     0 | D:1      | JimmahDean the Halfling Hunter began the quest for the Orb.
     0 | D:1      | Reached XP level 1. HP: 14/14 MP: 1/1
    70 | D:1      | Reached skill level 6 in Slings
   132 | D:1      | Reached XP level 2. HP: 19/19 MP: 2/2
   364 | D:1      | Reached skill level 7 in Slings
   364 | D:1      | Reached XP level 3. HP: 24/24 MP: 3/3
  1007 | D:2      | Reached XP level 4. HP: 29/29 MP: 4/4
  1081 | D:2      | Found an ornate altar of the Wu Jian Council.
  1103 | D:2      | Reached skill level 8 in Slings
  1671 | D:3      | Reached XP level 5. HP: 13/34 MP: 5/5
  2033 | D:3      | Found a transporter.
  2058 | D:3      | Noticed Strat's ghost (amateur NaSu)
  2061 | D:3      | Found a transporter.
  2113 | D:3      | Reached skill level 9 in Slings
  2127 | D:3      | HP: 1/34 [orc/+0 whip (1)]
  2815 | D:3      | Reached XP level 6. HP: 38/39 MP: 6/6
  2972 | D:4      | Found a staircase to the Ecumenical Temple.
  2974 | D:4      | Found Zuadas's Armour Shoppe.
  2980 | Temple   | Entered the Ecumenical Temple
  3063 | Temple   | Became a worshipper of Warmaster Okawaru
  3111 | D:4      | Noticed a sky beast
  3235 | D:4      | Found a glowing silver altar of Zin.
  3252 | D:4      | Reached skill level 10 in Slings
  3457 | D:4      | Found a bloodstained altar of Trog.
  3540 | D:4      | Found a glowing drain.
  3584 | Sewer    | Entered a sewer
  3984 | Sewer    | Reached XP level 7. HP: 37/46 MP: 7/7
  4075 | Sewer    | Reached skill level 11 in Slings
  4086 | Sewer    | Reached * piety under Okawaru
  4588 | D:5      | Entered Level 5 of the Dungeon
  4708 | D:5      | Reached XP level 8. HP: 54/54 MP: 8/8
  4891 | D:5      | Reached skill level 12 in Slings
  5500 | D:5      | Reached ** piety under Okawaru
  5713 | D:5      | Found a snail-covered altar of Cheibriados.
  5808 | D:5      | Found a deep blue altar of Sif Muna.
  5916 | D:5      | Found a sacrificial altar of Ru.
  6124 | D:6      | Reached skill level 13 in Slings
  6347 | D:6      | Reached skill level 5 in Fighting
  6415 | D:6      | Reached skill level 1 in Invocations
  6415 | D:6      | Reached XP level 9. HP: 57/61 MP: 9/9
  6578 | D:6      | Slain by an orc priest

Skill      XL: |  1  2  3  4  5  6  7  8  9 |
---------------+----------------------------+-----
Slings         | 6 7 8 9 10 11 13 | 13.2
Fighting       | 2 3 5 |  5.9
Invocations    | 1 2 |  2.3
Dodging        | |  2.1
Stealth        | |  1.1

Action                   |  1- 3 |  4- 6 |  7- 9 || total
-------------------------+-------+-------+-------++-------
Melee: Short sword       |       |     6 |       ||     6
 Fire: Hunting sling     |    88 |   299 |   356 ||   743
Invok: Heroism           |       |       |     2 ||     2
  Use: Potion            |       |     1 |     2 ||     3
       Scroll            |       |       |     8 ||     8
  Eat: Chunk             |       |     9 |     7 ||    16
Armor: Leather armour    |     5 |     6 |       ||    11
       Ring mail         |       |    27 |    30 ||    57
Dodge: Dodged            |    28 |    63 |    74 ||   165
